 Dungeon Crawl Stone Soup version 0.30.1-11-g7821555f0a (webtiles) character file.

Game seed: 7532693847765736869

21832 anacleto the Brawler (level 12, -2/124 (150) HPs)
             Began as a Troll Gladiator on Dec 9, 2023.
             Was a Priest of Qazlal.
             Slain by a spectral orc knight
             ... wielding a +2 antimagic great sword
             ... summoned by Nergalle
              (6 damage)
             ... on level 12 of the Dungeon.
             The game lasted 00:42:50 (13431 turns).

anacleto the Brawler (Troll Gladiator)             Turns: 13431, Time: 00:42:50

HP:   -2/124 (150)  AC: 26    Str: 27    XL:     12   Next: 57%
MP:   0/11          EV:  1    Int:  4    God:    Qazlal [***...]
Gold: 467           SH:  4    Dex: 11    Spells: 11/11 levels left

rFire   . .          .
                       - Unarmed
rCold   . . .        (no shield)
rNeg    . . .        y - melded +0 swamp dragon scales
rPois   +            b - melded +0 hat
rElec   .            K - melded scarf {rC+ rF+}
rCorr   .            (gloves unavailable)
SInv    .            (boots unavailable)
Will    .....        N - amulet of faith Stlth
                     (no ring)
HPRegen 1.20/turn    (no ring)
MPRegen 0.12/turn

%: faith
@: tree-form, silenced, heavily drained
A: stationary, stasis, torment immunity, boosted hp, large, unfitting armour,
(claws 3), regeneration 1, (shaggy fur 1), (tough skin 1), weak 1
a: Renounce Religion


You were on level 12 of the Dungeon.
You worshipped Qazlal.
Qazlal was most pleased with you.
You were a tree.
You visited 3 branches of the dungeon, and saw 14 of its levels.

You collected 670 gold pieces.
You spent 203 gold pieces at shops.

Inventory:

Hand Weapons
 B - a +0 dagger
Missiles
 e - 5 javelins (quivered)
 p - 85 poisoned darts
 s - 9 curare-tipped darts
 G - 5 boomerangs
 L - 5 silver javelins
Armour
 b - a +0 hat (melded)
 y - +0 swamp dragon scales (melded)
 K - a scarf of resistance (melded)
Jewellery
 a - an amulet of guardian spirit
 v - a +5 ring of evasion
 N - an amulet of faith (around neck)
 O - a ring of protection from fire
Wands
 u - a wand of flame (41)
 E - a wand of mindburst (7)
 I - a wand of acid (6)
 J - a wand of digging (7)
 S - a wand of roots (4)
Scrolls
 h - 2 scrolls of poison
 j - 3 scrolls of enchant armour
 l - 3 scrolls of torment
 m - a scroll of silence
 w - 5 scrolls of vulnerability
 A - 5 scrolls of amnesia
 C - 2 scrolls of fog
 H - a scroll of enchant weapon {unknown}
 M - a scroll of noise {unknown}
 P - 2 scrolls of fear {unknown}
 Q - a scroll of identify
 R - a scroll of brand weapon
 T - a scroll of blinking
 U - a scroll of teleportation
 V - a scroll of immolation
Potions
 d - 2 potions of might {unknown}
 f - 2 potions of attraction
 g - a potion of berserk rage {unknown}
 i - 3 potions of lignification
 n - 2 potions of ambrosia {unknown}
 o - a potion of invisibility
 r - a potion of magic {unknown}
 t - a potion of resistance {unknown}
 x - 3 potions of cancellation
 z - 2 potions of mutation
 D - 5 potions of flight
 F - 2 potions of haste


   Skills:
 - Level 1.5 Fighting
 + Level 10.3 Throwing
 - Level 2.4 Dodging
 * Level 18.1 Unarmed Combat


You had 11 spell levels left.
You didn't know any spells.
Your spell library contained the following spells:

 Spells                   Type           Power      Damage    Failure   Level
 Apportation              Tloc           0%         N/A       50%         1
 Beastly Appendage        Tmut           0%         N/A       50%         1
 Necrotise                Necr           0%         1d4       50%         1
 Summon Small Mammal      Summ           0%         N/A       50%         1
 Poisonous Vapours        Pois/Air       0%         N/A       65%         2
 Sublimation of Blood     Necr           0%         N/A       65%         2
 Wereblood                Tmut           0%         N/A       65%         2
 Inner Flame              Hex/Fire       0%         N/A       86%         3
 Mephitic Cloud           Conj/Pois/Air  0%         N/A       86%         3
 Spider Form              Tmut/Pois      0%         N/A       86%         3
 Freezing Cloud           Conj/Ice/Air   0%         6-21      100%        5
 Summon Forest            Summ/Tloc      0%         N/A       100%        5
 Summon Mana Viper        Hex/Summ       0%         N/A       100%        5
 Yara's Violent Unravell  Hex/Tmut       0%         3d3       100%        5
 Summon Cactus Giant      Summ           0%         N/A       100%        6
 Enfeeble                 Hex            0%         N/A       100%        7
 Summon Hydra             Summ           0%         N/A       100%        7


Dungeon Overview and Level Annotations

Branches:
Dungeon (12/15)            Temple (1/1) D:5            Lair (1/5) D:10
    Orc (0/2) D:11

Altars:
Ashenzari
Cheibriados
Dithmenos
Elyvilon
Fedhas
Gozag
Hepliaklqana
Kikubaaqudgha
Makhleb
Nemelex Xobeh
Okawaru
Qazlal
Ru
Sif Muna
Trog
Uskayaw
Vehumet
Wu Jian
Xom
Yredelemnul
Zin
The Shining One

Shops:
D:3 (   D:6 *   D:12 ?

Annotations:
D:7 1 runed translucent door, Crazy Yiuf
D:12 exclusion: orange crystal statue, Nergalle


Innate Abilities, Weirdness & Mutations

You are a tree.
Your roots penetrate the ground, keeping you stationary.
You cannot be teleported.
You are immune to unholy pain and torment.
Your maximum health is greatly increased.
Your equipment is partially melded.
You are too large for most types of armour.
((You have claws for hands.))
Your natural rate of healing is unusually fast.
((You are covered in fur. (AC +1)))
((You have tough skin. (AC +1)))
You are weak. (Str -2)


Message History

Magic scrolls do not work when you're silenced!
You feel better.
You block the spectral orc knight's attack.
Nergalle hits you but does no damage.
You are poisoned.
Throw: large rock
Press: ? - help, Q - select action, (/) - cycle Shift-Dir - straight line, f - Nergalle
Aim: Nergalle, wielding a +0 dagger of venom and wearing a +2 robe of positive energy (silenced, lightly wounded, 58% to hit)
You throw a large rock. The large rock hits Nergalle!!
Nergalle is heavily wounded.
You feel very sick.
The spectral orc knight hits you with a +2 antimagic great sword!
* * * LOW HITPOINT WARNING * * *
You feel your power leaking away.
Nergalle hits you with a +0 dagger of venom.
* * * LOW HITPOINT WARNING * * *
The spectral orc knight closely misses you.
Really quaff the potion of lignification?
You turn into a tree.
Your scarf of resistance melds into your body.
Your +0 hat melds into your body.
Your +0 swamp dragon scales melds into your body.
You feel hot and cold all over.
Your roots penetrate the ground.
You feel sick. Nergalle hits you but does no damage.
You are more poisoned.
The spectral orc knight hits you but does no damage.
You feel better. Nergalle hits you but does no damage.
The spectral orc knight hits you with a +2 antimagic great sword!
* * * LOW HITPOINT WARNING * * *
You feel drained.
* * * LOW HITPOINT WARNING * * *
You hit Nergalle but do no damage.
Nergalle is heavily wounded.
Nergalle hits you but does no damage.
The spectral orc knight hits you but does no damage.
You feel better. You block Nergalle's attack.
The spectral orc knight hits you with a +2 antimagic great sword!
* * * LOW HITPOINT WARNING * * *
You feel drained.
You die...

####### #......
#.##### ### #.#
#...##### #.# ###
#.o♣Z.# #.# #..
#...###.###
#.###.# .....
#.)...# #......
#### #.#.#.#
#####.# #.#.#.#
######.# #.#...#
#....... #.##..#
#.####..
#.....#####.###...
####.###..|.##....


You could see Nergalle and a spectral orc knight (summoned).

Vanquished Creatures
  Snorg (Lair:1)
  Fannar (D:12)
  2 boulder beetles
  4 two-headed ogres
  An ugly thing (D:11)
  2 manticores (D:12)
  A gargoyle (D:12)
  Maggie (D:7)
  2 cane toads (Lair:1)
  3 kobold demonologists
  An unseen horror (D:12)
  3 trolls
  Grinder (D:6)
  7 slime creatures
  Sigmund (D:2)
  A vampire (D:12)
  4 wyverns
  A human (D:11)
  2 basilisks
  A steam dragon (D:7)
  30 yaks
  A warg (D:11)
  Menkaure (D:7)
  An acid dragon (D:12)
  4 water moccasins
  An ice beast (D:6)
  2 black bears (D:5)
  5 orc warriors
  2 sky beasts
  3 ogres
  10 centaurs
  A gnoll sergeant (D:11)
  17 kobold brigands
  3 bullfrogs
  5 scorpions
  4 wights (D:8)
  2 howler monkeys
  2 lava snakes (D:8)
  A hound (D:5)
  9 orc priests
  3 gnoll boudas
  4 iguanas
  2 sleepcaps
  12 orc wizards
  Robin (D:4)
  12 gnolls
  7 adders
  A shadow imp (D:6)
  A worm (D:5)
  4 dart slugs
  44 orcs
  4 ball pythons
  5 bats
  10 endoplasms
  3 giant cockroaches
  17 goblins
  10 hobgoblins
  8 jackals
  4 quokkas
  6 frilled lizards
  29 kobolds
  2 rats (D:1)
333 creatures vanquished.

Notes
Turn   | Place    | Note
-------+----------+-------------------------------------------
     0 | D:1      | anacleto the Troll Gladiator began the quest for the Orb.
     0 | D:1      | Reached XP level 1. HP: 19/19 MP: 0/0
   183 | D:1      | Reached XP level 2. HP: 27/27 MP: 1/1
   505 | D:1      | Reached skill level 4 in Unarmed Combat
   870 | D:2      | Reached XP level 3. HP: 33/33 MP: 2/2
  1104 | D:2      | Noticed Sigmund
  1152 | D:2      | Killed Sigmund
  1153 | D:2      | Reached skill level 6 in Unarmed Combat
  1153 | D:2      | Reached XP level 4. HP: 26/41 MP: 3/3
  1153 | D:2      | Reached XP level 5. HP: 31/48 MP: 4/4
  1237 | D:2      | Identified the +8 spear of Discord {heavy, SInv}
  1927 | D:3      | Found Eson Ikahi's Antique Weapon Shop.
  2269 | D:4      | Reached XP level 6. HP: 51/55 MP: 5/5
  2720 | D:4      | Reached skill level 7 in Unarmed Combat
  2764 | D:4      | Found a hide-covered altar of Uskayaw.
  2960 | D:4      | Noticed Robin
  2975 | D:5      | Entered Level 5 of the Dungeon
  3061 | D:5      | Found a staircase to the Ecumenical Temple.
  3068 | Temple   | Entered the Ecumenical Temple
  3478 | D:5      | Noticed a yak
  3495 | D:5      | Reached skill level 8 in Unarmed Combat
  3495 | D:5      | Reached XP level 7. HP: 41/62 MP: 6/6
  3629 | D:4      | Killed Robin
  4097 | D:4      | Reached skill level 9 in Unarmed Combat
  4448 | D:5      | Noticed Grinder
  4469 | D:5      | Paralysed by Grinder for 2 turns
  4484 | D:5      | Paralysed by Grinder for 3 turns
  4611 | D:5      | Reached XP level 8. HP: 70/70 MP: 7/7
  4768 | D:5      | Reached skill level 10 in Unarmed Combat
  5286 | D:6      | Reached skill level 11 in Unarmed Combat
  5715 | D:5      | Reached XP level 9. HP: 59/76 MP: 8/8
  5891 | D:6      | Found an opulent altar of Gozag.
  5891 | D:6      | Found Gozag's Platinum Reserve.
  6023 | D:6      | Killed Grinder
  6325 | D:7      | Reached skill level 12 in Unarmed Combat
  6336 | D:7      | Noticed Menkaure
  6375 | D:7      | Killed Menkaure
  6723 | D:7      | Noticed Maggie
  6740 | D:7      | Killed Maggie
  6741 | D:7      | Reached skill level 5 in Throwing
  7162 | D:7      | Found a runed translucent door.
  7163 | D:7      | Noticed Crazy Yiuf
  7510 | D:8      | Reached skill level 13 in Unarmed Combat
  7823 | D:8      | Reached XP level 10. HP: 66/85 MP: 9/9
  8320 | D:8      | Reached skill level 14 in Unarmed Combat
  8383 | D:8      | Noticed an orange demon
  8389 | D:8      | Gained mutation: You are weak. (Str -2) [a neqoxec]
  8391 | D:8      | Noticed a sixfirhy
  8395 | D:8      | Noticed a sun demon
  9126 | D:9      | Found a glowing golden altar of the Shining One.
  9126 | D:9      | Found a burning altar of Makhleb.
  9133 | D:9      | Found a stormy altar of Qazlal.
  9135 | D:9      | Found a faded altar of an unknown god.
  9136 | D:9      | Found a sacrificial altar of Ru.
  9142 | D:9      | Became a worshipper of Qazlal Stormbringer
  9225 | D:10     | Entered Level 10 of the Dungeon
  9259 | D:10     | Noticed a two-headed ogre
  9261 | D:10     | Noticed Snorg
  9418 | D:9      | Reached skill level 15 in Unarmed Combat
  9496 | D:10     | Noticed a two-headed ogre
  9510 | D:10     | Killed a two-headed ogre
  9511 | D:10     | Reached XP level 11. HP: 53/92 MP: 10/10
  9777 | D:10     | Noticed a two-headed ogre
  9875 | D:10     | Found a staircase to the Lair.
  9919 | D:10     | Killed a two-headed ogre
  9997 | D:10     | Found a shadowy altar of Dithmenos.
 10019 | D:10     | Reached * piety under Qazlal
 10146 | D:11     | Noticed a two-headed ogre
 10172 | Lair:1   | Entered Level 1 of the Lair of Beasts
 10386 | Lair:1   | HP: 3/92 [Snorg (2)]
 10388 | Lair:1   | Killed Snorg
 10389 | Lair:1   | Reached skill level 16 in Unarmed Combat
 10941 | D:10     | Killed a two-headed ogre
 11084 | D:11     | Reached ** piety under Qazlal
 11086 | D:11     | Found a staircase to the Orcish Mines.
 11103 | D:11     | Noticed a two-headed ogre
 11120 | D:11     | Killed a two-headed ogre
 11426 | D:11     | Noticed a boulder beetle
 11448 | D:11     | Killed a boulder beetle
 11449 | D:11     | Reached skill level 17 in Unarmed Combat
 11449 | D:11     | Reached XP level 12. HP: 66/100 MP: 11/11
 12288 | D:12     | Reached *** piety under Qazlal
 12594 | D:12     | Noticed Fannar
 12603 | D:12     | Killed Fannar
 12656 | D:12     | Noticed a boulder beetle
 12871 | D:12     | Killed a boulder beetle
 12872 | D:12     | Reached skill level 10 in Throwing
 13082 | D:12     | Reached skill level 18 in Unarmed Combat
 13142 | D:12     | Found Jebo's Magic Scroll Emporium.
 13148 | D:12     | Bought a scroll of blinking for 105 gold pieces
 13148 | D:12     | Bought a scroll of teleportation for 42 gold pieces
 13148 | D:12     | Bought a scroll of immolation for 56 gold pieces
 13411 | D:12     | Noticed Nergalle
 13431 | D:12     | HP: 4/129 [spectral orc knight/+2 antimagic great
                  | sword[Nergalle] (13)]
 13431 | D:12     | Slain by a spectral orc knight

Illustrated notes

Levels and vault maps discovered:
D:1:      matt_arrival_refuge, layout_basic
D:2:      layout_loops_ring, chequers_jeans, kennysheep_cross_bottleneck,
          nicolae_kite_square_tiling_tiny, uniq_sigmund
D:3:      layout_basic, serial_shops, nicolae_shop_tiny_glass
D:4:      nicolae_cairo_tiling, layout_basic, mainiacjoe_overflow_24_doors,
          minmay_increasing_density, uniq_robin
D:5:      layout_loops_ring, minmay_temple_entry_trees, st_stairs_9,
          roderic_roman_lattice, minmay_misc_feat_hallway, uniq_grinder
D:6:      layout_cave_pools, nicolae_gozag_zags_fifth_avenue
D:7:      layout_basic, minmay_statues_item, kennysheep_generic_room_11,
          uniq_menkaure, uniq_maggie, uniq_crazy_yiuf_cottage
D:8:      layout_basic, special_room [special_room_kobold],
          kennysheep_cluttered_room, lemuel_flamethrower_1
D:9:      layout_roguey, chequers_temple_overflow_minitemple, minmay_holes
D:10:     layout_basic, nicolae_dithmenos_through_a_glass_darkly,
          minmay_lair_entry_grove, minmay_misc_feat_x, grunt_ministairs_4,
          dreamdust_gnoll_shepherd, uniq_snorg
D:11:     layout_cave_pods, erik_orc_4
D:12:     minmay_statue_hallways, layout_loops_corners, serial_shops,
          kennysheep_mini_moat, serial_bayou_crossing, uniq_nergalle,
          uniq_fannar
Temple:   regret_index_temple_waves
Lair:1:   dreamdust_cave_troll, layout_concentric_octagons, grunt_megastairs_4

Skill      XL: |  1  2  3  4  5  6  7  8  9 10 11 12 |
---------------+-------------------------------------+-----
Unarmed Combat | 4 6 8 9 11 13 15 17 18 | 18.1
Throwing       | 3 5 7 9 10 | 10.3
Fighting       | |  1.5
Dodging        | |  2.4

Action                     |  1- 3 |  4- 6 |  7- 9 | 10-12 || total
---------------------------+-------+-------+-------+-------++-------
  Melee: Unarmed           |    82 |   156 |   251 |   380 ||   869
         Punch             |     1 |     3 |    13 |    42 ||    59
  Throw: Throwing net      |     2 |       |     2 |     1 ||     5
         Javelin           |     1 |       |     1 |     5 ||     7
         Dart              |       |       |     7 |    26 ||    33
         Large rock        |       |       |     2 |     3 ||     5
         Boomerang         |       |       |    51 |   112 ||   163
  Evoke: Wand              |       |     1 |       |     7 ||     8
    Use: Scroll            |       |    10 |     4 |    18 ||    32
         Potion            |       |       |       |    11 ||    11
   Stab: Sleeping          |     1 |     1 |     1 |       ||     3
         Held in net/web   |     1 |       |       |       ||     1
         Invisible         |       |       |       |     2 ||     2
 Armour: Robe              |    27 |    80 |    70 |       ||   177
         Swamp dragon scal |       |       |    10 |   139 ||   149
         Skin              |       |       |       |     5 ||     5
  Dodge: Dodged            |    41 |    74 |   108 |   143 ||   366
  Block: Other             |       |       |       |    22 ||    22
